 Dungeon Crawl Stone Soup version 0.29.0-4-gdea44cf6ec (webtiles) character file.

Game seed: 11613979422977506515

20 qw the Chopper (level 2, -1/17 HPs)
             Began as a Tengu Warper on Aug 28, 2022.
             Succumbed to their own poison gas
             ... on level 1 of the Dungeon.
             The game lasted 00:00:04 (1388 turns).

qw the Chopper (Tengu Warper)                       Turns: 1388, Time: 00:00:05

Health: -1/17      AC:  6    Str: 11    XL:     2   Next: 79%
Magic:  6/6        EV: 10    Int: 13    God:
Gold:   82         SH:  3    Dex: 13    Spells: 5/5 levels left

rFire   . . .      SeeInvis .   Y - +0 hand axe
rCold   . . .      Faith    .   i - +0 buckler
rNeg    . . .      Spirit   .   o - +0 ring mail
rPois   .          Reflect  .   (helmet restricted)
rElec   .          Harm     .   (no cloak)
rCorr   .          Rampage  .   p - +0 pair of gloves
Will    .....                   (boots unavailable)
Stlth   +.........              (no amulet)
HPRegen 0.05/turn               (no ring)
MPRegen 0.10/turn               (no ring)

@: lethally poisoned (-1 -> -11), weak-willed
A: beak, talons 3
a: no special abilities


You were on level 1 of the Dungeon.
You visited 1 branch of the dungeon, and saw 1 of its levels.

You collected 82 gold pieces.


Innate Abilities, Weirdness & Mutations

You have a beak for a mouth.
You have claws for feet.


   Skills:
 - Level 2.0 Fighting
 - Level 3.6 Axes
 - Level 1.0 Throwing
 - Level 1.1 Armour
 - Level 2.1 Dodging
 + Level 0.0 Shields
 - Level 2.0 Spellcasting
 - Level 2.4 Translocations


You had 5 spell levels left.
You didn't know any spells.
Your spell library contained the following spells:

 Spells                   Type           Power      Damage    Failure   Level
 Blink                    Tloc           14%        N/A       43%         2
 Gell's Gravitas          Tloc           7%         N/A       67%         3
 Lesser Beckoning         Tloc           7%         N/A       67%         3
 Teleport Other           Tloc           7%         N/A       67%         3
 Manifold Assault         Tloc           7%         N/A       100%        5

Inventory:

Hand Weapons
 e - a +0 club
 Y - a +0 hand axe (weapon)
Armour
 i - a +0 buckler (worn)
 o - a +0 ring mail (worn)
 p - a +0 pair of gloves (worn)
Scrolls
 m - a scroll of identify
Potions
 f - a potion of curing {unknown}
 g - a potion of attraction {unknown}
 l - a potion of degeneration {unknown}

Dungeon Overview and Level Annotations

Branches:
Dungeon (1/15)

Altars:


Message History

1380 ||| READING scroll labelled MURABA OGUOZAE.
As you read the scroll labelled MURABA OGUOZAE, it crumbles to dust.
You feel aware of your surroundings.
It was a scroll of magic mapping.
Partly explored, can't reach some places.
1381 ||| READING scroll labelled FAM MEOTENUSU.
As you read the scroll labelled FAM MEOTENUSU, it crumbles to dust.
Magic quickly surges around you.
It was a scroll of vulnerability.
Partly explored, can't reach some places.
1382 ||| READING 2 scrolls labelled EFABBU CIVUEX.
As you read the scroll labelled EFABBU CIVUEX, it crumbles to dust.
It is a scroll of identify.
Really abort (and waste the scroll)?
Partly explored, can't reach some places.
1383 ||| READING scroll labelled NACKAW CIUXUMU.
The air fills with toxic fumes!
As you read the scroll labelled NACKAW CIUXUMU, it crumbles to dust.
It was a scroll of poison.
Partly explored, can't reach some places.
1384 ||| DROPPING scroll of blinking.
You drop a scroll of blinking.
Partly explored, can't reach some places.
(D) Dungeon
Where to? (* - list waypoints, ? - help)
What level of the Dungeon? (default 1, ? - help) Sorry, I don't know how to get there.
Partly explored, can't reach some places.
1385 ||| Stepping randomly (stuck).
Really walk into that cloud of poison gas?
You are engulfed in poison gas.
You are lethally poisoned!
You feel very sick.
Enter note:
Enter note:
1386 ||| Stepping ~*~*~tactically~*~*~ (cloud).
You feel very sick.
Things that are here:
a scroll of blinking; an amulet of magic regeneration; a +0 leather armour
There is a lethal amount of poison in your body!
You feel very sick.
There is a lethal amount of poison in your body!
You die...

#...%.....# ###.#.###.
#.#######¤# #...# #. #.#
#¤# ##### #. #######.#
#¤# #. ........#
#¤####*****#######.
#########
#¤#~~~~~~~~~~~~~~~. #
#####¤#~####~~~~~####~#
#
##¤¤¤¤¤#0#>.#######.<#~#
#
#¤¤¤¤¤¤@¤#..+.....'..#~#
#
#¤¤#####¤##'###'###'##~.
# #..# #~¤#.#.....#.#~~.
# #..# #~~#.#..#..#.#~~#
### ### ##..#
##~~#.#..#..#.#~~#
#.###.###.###
##...'.'.8#8.+.'...
...........##
#..~~#.#..#..#.#~~#
###.###.##..#
#.#~~#.#..#..#.#~~#
.........#.##
#.#~~#.#.....#.#~~#


There were no monsters in sight!

Vanquished Creatures
  2 endoplasms (D:1)
  A goblin (D:1)
  4 hobgoblins (D:1)
  4 kobolds (D:1)
  3 quokkas (D:1)
  2 ball pythons (D:1)
  A frilled lizard (D:1)
  A rat (D:1)
18 creatures vanquished.

Notes
Turn   | Place    | Note
-------+----------+-------------------------------------------
     0 | D:1      | qw the Tengu Warper began the quest for the Orb.
     0 | D:1      | Reached XP level 1. HP: 12/12 MP: 4/4
     0 | D:1      | 0 ||| qw: Version: 0.1-a-89-g26bdef1
     0 | D:1      | 0 ||| qw: Game counter: 351
     0 | D:1      | 0 ||| qw: Always use a shield: true
     0 | D:1      | 0 ||| qw: God list: Okawaru
     0 | D:1      | 0 ||| qw: Allow faded altars: false
     0 | D:1      | 0 ||| qw: Do Orc after D:15 true
     0 | D:1      | 0 ||| qw: Do second Lair branch before Depths: true
     0 | D:1      | 0 ||| qw: Lair rune preference: random
     0 | D:1      | 0 ||| qw: Plans: Normal
     0 | D:1      | 0 ||| PLANNING D:1-11
   240 | D:1      | Reached XP level 2. HP: 15/17 MP: 6/6
   293 | D:1      | Reached skill level 3 in Axes
   346 | D:1      | 346 ||| Stepping ~*~*~tactically~*~*~ (stealth).
   348 | D:1      | 348 ||| Stepping ~*~*~tactically~*~*~ (stealth).
   349 | D:1      | 349 ||| Stepping ~*~*~tactically~*~*~ (stealth).
   356 | D:1      | 356 ||| Stepping ~*~*~tactically~*~*~ (stealth).
  1357 | D:1      | 1357 ||| UPGRADING to +0 buckler.
  1362 | D:1      | 1362 ||| UPGRADING to +0 ring mail.
  1372 | D:1      | 1372 ||| DROPPING +0 leather armour.
  1373 | D:1      | 1373 ||| UPGRADING to +0 pair of gloves.
  1378 | D:1      | 1378 ||| DROPPING amulet of magic regeneration.
  1379 | D:1      | 1379 ||| READING scroll labelled MIRHAS GAZU.
  1380 | D:1      | 1380 ||| READING scroll labelled MURABA OGUOZAE.
  1381 | D:1      | 1381 ||| READING scroll labelled FAM MEOTENUSU.
  1382 | D:1      | 1382 ||| READING 2 scrolls labelled EFABBU CIVUEX.
  1383 | D:1      | 1383 ||| READING scroll labelled NACKAW CIUXUMU.
  1384 | D:1      | 1384 ||| DROPPING scroll of blinking.
  1385 | D:1      | 1385 ||| Stepping randomly (stuck).
  1386 | D:1      | 1386 ||| Stepping ~*~*~tactically~*~*~ (cloud).
  1386 | D:1      | HP: 4/17 [poisoned by you (poison gas)]
  1387 | D:1      | HP: 1/17 [poisoned by you (poison gas)]
  1388 | D:1      | Succumbed to their own poison gas

Levels and vault maps discovered:
D:1:      heliophobic_arrival_glass_houses, layout_loops_ring, nrook_uturn,
          dk_noncrumbling_3, nicolae_concentric_dashed_squares_mild

Skill      XL: |  1  2 |
---------------+-------+-----
Axes           | 3 |  3.6
Fighting       | |  2.0
Throwing       | |  1.0
Armour         | |  1.1
Dodging        | |  2.1
Spellcasting   | |  2.0
Translocations | |  2.4

Action                   || total
-------------------------++-------
Melee: Hand axe          ||    46
       Kick              ||    15
       Peck              ||     7
Throw: Boomerang         ||     7
  Use: Scroll            ||     5
Armor: Leather armour    ||     9
Dodge: Dodged            ||    17

Table legend:
 A = Non-vault XP
 B = Vault XP
 C = Vault XP percentage of total XP
 D = Non-vault monster count
 E = Vault monster count
 F = Vault count percentage of total count
                 A         B        C        D         E       F
            +---------+---------+-------+---------+---------+-------
      Total |      29 |       0 |   0.0 |      18 |       0 |   0.0
            +---------+---------+-------+---------+---------+-------
        D:1 |      29 |       0 |   0.0 |      18 |       0 |   0.0
            +---------+---------+-------+---------+---------+-------
